Unix NetHack Version 3.7.0-102 Work-in-progress - last build Apr 6 2024 13:22:21 (d302a6a9ff6341f1a922d8f5af178406b35fdf99,branch:master). Game began 2024-04-20 17:28:17, ended 2024-04-21 07:34:11. joes, chaotic male human Wizard ----- |....# |...|# ---------- |...|# -------------- #%.........| -------------- |...|# |.............#######|........| |............| --.--### |............| ######|........| ####-............| # # |............-## #-------.-- ### |........<...| ### # --------|----- ################# # -------------- ## # # ### # ## # # #### # ##### ## # --.-- #@ # ######## ### |>..| ##### #### ############ ##0############### |...| #--.--|- #-.--|----.-- # -----.------- |...| #.......######*##########0|...........######............| |...| |.....| |..........| # |...........| |...| |.....| |...........## |.........>.| |...| ------- |..........| ------#------ ----- ------------ Joes the Thaumaturge St:11 Dx:13 Co:14 In:17 Wi:11 Ch:12 Chaotic S:2349 Dlvl:4 $:7 HP:0(36) Pw:43(67) AC:9 Xp:6 T:1656 Latest messages: L - an uncursed white potion. P - an uncursed leash. What do you want to use or apply? You put an uncursed mummy wrapping into the bag. You put an uncursed scroll labeled XOR OTA into the bag. You put an uncursed white potion into the bag. You put an uncursed leash into the bag. What do you want to put on? K - an uncursed perforated amulet (being worn). What do you want to remove? You were wearing an uncursed perforated amulet. There is a staircase up to level 5 here. You climb up the stairs. There is a staircase down to level 6 here. Where do you want to travel to? (For instructions type a '?') You hear the splashing of a naiad. There is a staircase up to level 4 here. You climb up the stairs. There is a staircase down to level 5 here. Where do you want to travel to? (For instructions type a '?') Where do you want to travel to? (For instructions type a '?') Where do you want to travel to? (For instructions type a '?') What do you want to wield? You are bare handed. You begin bashing monsters with your bare hands. You miss the gray ooze. You hit the gray ooze. You miss the gray ooze. You miss the gray ooze. You hit the gray ooze. You miss the gray ooze. You hit the gray ooze. (northeast): The gray ooze bites! Your cloak of magic resistance is not affected by oxidation. [HP -12, 13 left] In what direction? The spell hits it. You kill it! You see here a small glob of gray ooze. There is a small glob of gray ooze here; eat it? [ynq] (n) You have a very bad case of stomach acid. [HP -14, 0 left] You die... Do you want your possessions identified? [ynq] (y) Do you want to see your attributes? [ynq] (n) Do you want to see your conduct and achievements? [ynq] (n) Inventory: Coins ('$') $ - 7 gold pieces Amulets ('"') K - an uncursed amulet versus poison Weapons (')') q - 4 uncursed +1 daggers t - an uncursed +0 dagger Armor ('[') b - an uncursed +0 cloak of magic resistance (being worn) v - an uncursed +0 robe Rings ('=') e - an uncursed ring of fire resistance d - an uncursed +1 ring of gain constitution Wands ('/') J - an uncursed wand of cancellation (0:7) k - an uncursed wand of light (0:12) c - an uncursed wand of lightning (0:7) p - an uncursed wand of make invisible (0:5) Tools ('(') y - an uncursed sack containing 27 items G - an uncursed frost horn (0:6) H - an uncursed skeleton key Contents of the sack: 80 gold pieces an uncursed +0 mummy wrapping an uncursed cram ration 3 uncursed food rations 2 uncursed tripe rations an uncursed lichen corpse an uncursed scroll of charging an uncursed scroll of enchant armor 2 uncursed scrolls of enchant weapon a cursed scroll of light an uncursed scroll of magic mapping an uncursed scroll of teleportation an uncursed potion of extra healing an uncursed potion of gain energy an uncursed potion of hallucination an uncursed potion of levitation an uncursed potion of object detection a cursed potion of paralysis an uncursed potion of sleeping an uncursed potion of speed an uncursed bell an uncursed leash an uncursed magic marker (0:19) an uncursed amethyst stone an uncursed worthless piece of violet glass an uncursed worthless piece of white glass an uncursed worthless piece of yellowish brown glass Joes the Wizard's attributes: Background: You were a Thaumaturge, a level 6 male human Wizard. You were chaotic, on a mission for Anhur who was opposed by Ptah (lawful) and Thoth (neutral). You were right-handed. You were in the Dungeons of Doom, on level 4. You entered the dungeon 1656 turns ago. You had 503 experience points, 137 more were needed to attain level 7. Your score was 2349 before end-of-game adjustments. Basics: You had 0 out of 36 hit points. You had 43 out of 67 energy points (spell power). Your armor class was 9. Your wallet contained 7 zorkmids, and you had 80 more stashed away in your pack. Autopickup was on for '$?!/' plus thrown. Final Characteristics: Your strength was 11 (limit:18/100). Your dexterity was 13 (limit:18). Your constitution was 14 (limit:18). Your intelligence was 17 (limit:18). Your wisdom was 11 (limit:18). Your charisma was 12 (limit:18). Final Status: You weren't hungry. You were unencumbered. You were bare handed. You were unskilled in bare handed combat. Final Attributes: You were devoutly aligned. You were magic-protected. You were telepathic. You were warded. You were fast. You were lucky. You are dead. Miscellaneous: You never encountered a bones level. Total elapsed playing time was 1 hour and 23 seconds. Major events: Turn 1: joes the chaotic male human Wizard entered the dungeon 891: entered the Gnomish Mines 1091: attained the rank of Conjurer (level 3) 1265: attained the rank of Thaumaturge (level 6) 1656: killed by an acidic glob Vanquished creatures: a large mimic 7 small mimics a rope golem a dwarf a rock mole a fog cloud a gnome leader a kobold mummy a gray ooze a floating eye a kitten 2 manes 3 gnomes 2 garter snakes a dwarf zombie an iguana 2 hobbits a brown mold a yellow mold 2 geckos 2 jackals a goblin 3 grid bugs 2 lichens 40 creatures vanquished. No species were genocided or became extinct. Voluntary challenges: You read items or engraved 2 times. You never engraved Elbereth. You never genocided any monsters. You never polymorphed an object. You never changed form. You used no wishes. Achievements: You entered the Gnomish Mines. You attained the rank of Conjurer. You attained the rank of Thaumaturge. The Dungeons of Doom: levels 1 to 6 Level 1: "box" Level 2: "trap" Some fountains, a grave. Level 3: A fountain. Level 4: <- You were here. Stairs down to The Gnomish Mines. Final resting place for you, killed by an acidic glob. Level 5: Level 6: An altar to Anhur. The Gnomish Mines: Level 5: Game over: ---------- / \ / REST \ / IN \ / PEACE \ / \ | joes | | 87 Au | | killed by an | | acidic glob | | | | | | 2024 | *| * * * | * _________)/\\_//(\/(/\)/\//\/|_)_______ Goodbye joes the Wizard... You died in The Dungeons of Doom on dungeon level 4 with 2341 points, and 87 pieces of gold, after 1656 moves. You were level 6 with a maximum of 36 hit points when you died.